 Dungeon Crawl Stone Soup version 0.26.0-10-g1f06aea511 (webtiles) character file.

Game seed: 10352749002547583052

441 Borgoz the Cudgeller (level 7, -11/44 HPs)
             Began as a Gargoyle Berserker on Jan 18, 2021.
             Was a Priest of Trog.
             Killed by divine providence
             ... invoked by an orc priest
              (12 damage)
             ... on level 4 of the Dungeon.
             The game lasted 00:02:25 (3210 turns).

Borgoz the Cudgeller (Gargoyle Berserker)           Turns: 3210, Time: 00:02:25

Health: -11/44     AC:  8    Str: 21    XL:     7   Next: 2%
Magic:  7/7        EV: 13    Int:  7    God:    Trog [***...]
Gold:   167        SH:  0    Dex: 11    Spells: 6/6 levels left

rFire    . . .     SeeInvis .   a - +0 mace
rCold    . . .     Faith    .   (no shield)
rNeg     + . .     Spirit   .   b - +0 animal skin
rPois    ∞         Reflect  .   k - +0 helmet (curse)
rElec    +         Harm     .   (no cloak)
rCorr    .         Rampage  .   (no gloves)
Will     .....                  (no boots)
Stlth    +.........             (no amulet)
HPRegen  0.14/turn              (no ring)
MPRegen  0.10/turn              (no ring)

@: no status effects
A: negative energy resistance 1, electricity resistance, unbreathing,
petrification resistance, miasma immunity, AC +4
a: Renounce Religion, Berserk, Trog's Hand


You were on level 4 of the Dungeon.
You worshipped Trog.
Trog was most pleased with you.
You visited 1 branch of the dungeon, and saw 4 of its levels.

You collected 167 gold pieces.

Inventory:

Hand Weapons
 a - a +0 mace (weapon)
Armour
 b - a +0 animal skin (worn)
 k - a cursed +0 helmet (worn)
Jewellery
 o - a +4 ring of evasion {unknown}
Scrolls
 c - a scroll of fear {unknown}
 d - a scroll of enchant armour {unknown}
 i - 3 scrolls of enchant weapon {unknown}
 j - a scroll of remove curse {unknown}
 l - 2 scrolls of blinking {unknown}
 m - 2 scrolls of identify {unknown}
 p - a scroll of fog {unknown}
 r - 2 scrolls of amnesia {unknown}
 t - a scroll of immolation {unknown}
Potions
 e - 2 potions of brilliance {unknown}
 f - a potion of degeneration {unknown}
 g - a potion of invisibility {unknown}
 h - 6 potions of curing {unknown}
 n - a potion of berserk rage {unknown}
 q - 2 potions of attraction {unknown}
 s - a potion of lignification {unknown}


   Skills:
 + Level 4.5 Fighting
 * Level 5.0 Maces & Flails
 + Level 3.7 Armour
 * Level 3.6 Dodging


You had 6 spell levels left.
You didn't know any spells.
Your spell library was empty.

Dungeon Overview and Level Annotations

Branches:
Dungeon (4/15)
 Temple: D:4-7

Altars:
Zin

Annotations:
D:3 1 runed translucent door


Innate Abilities, Weirdness & Mutations

You are resistant to torment.
Your stone body is resilient. (AC +4)
You are immune to poison.
You resist negative energy. (rN+)
You are resistant to electric shocks. (rElec)
You can survive without breathing.
You are immune to petrification.
You are immune to miasma.


Message History

Beogh smites you!
You hit the worm.
The worm is heavily wounded.
The leopard gecko barely misses you. The worm barely misses you.
The orc hits you but does no damage.
You hit the worm.
The worm is severely wounded.
The leopard gecko barely misses you. The ogre hits you but does no damage.
The orc hits you but does no damage. The leopard gecko barely misses you.
The worm barely misses you.
You hit the worm.
The worm is almost dead.
The ogre hits you with a +0 giant club!!
Ouch! That really hurt!
* * * LOW HITPOINT WARNING * * *
The orc hits you but does no damage.
The leopard gecko bites you but does no damage.
The orc priest calls down the wrath of Beogh upon you.
Beogh smites you!
You die...

.........#
.#........
..........
##.......#
.........###
#.....o...
#....wOl#
#.....@o#
######.##
#.# #.# #.#
#.# ##
#.#### #.
#....# #.
####.# #.


You could see an ogre, a worm, an orc priest, an orc and a leopard gecko.

Vanquished Creatures
  Sigmund (D:2)
  An ice beast (D:3)
  An orc priest (D:4)
  5 adders
  2 oozes
  3 worms
  2 dart slugs
  2 leopard geckos (D:3)
  6 orcs
  4 giant cockroaches
  8 goblins
  7 hobgoblins
  6 jackals
  A quokka (D:2)
  A ball python (D:2)
  10 bats
  3 frilled lizards
  13 kobolds
  3 rats
79 creatures vanquished.

Notes
Turn   | Place    | Note
-------+----------+-------------------------------------------
     0 | D:1      | Borgoz the Gargoyle Berserker began the quest for the Orb.
     0 | D:1      | Reached XP level 1. HP: 14/14 MP: 1/1
    66 | D:1      | Reached XP level 2. HP: 15/19 MP: 2/2
   360 | D:1      | Reached XP level 3. HP: 22/23 MP: 3/3
   451 | D:1      | Reached ** piety under Trog
  1041 | D:2      | Reached XP level 4. HP: 20/29 MP: 4/4
  1654 | D:2      | Noticed Sigmund
  1669 | D:2      | Killed Sigmund
  1670 | D:2      | Reached skill level 4 in Maces & Flails
  1670 | D:2      | Reached XP level 5. HP: 12/33 MP: 5/5
  1670 | D:2      | Reached XP level 6. HP: 14/38 MP: 6/6
  2249 | D:3      | Noticed an ice beast
  2256 | D:3      | Killed an ice beast
  2708 | D:3      | Found a glowing silver altar of Zin.
  2708 | D:3      | Noticed an angel
  2709 | D:3      | Found a runed translucent door.
  3180 | D:4      | Reached skill level 5 in Maces & Flails
  3201 | D:4      | Reached *** piety under Trog
  3202 | D:4      | Reached XP level 7. HP: 44/44 MP: 7/7
  3210 | D:4      | HP: 1/44 [ogre/+0 giant club (24)]
  3210 | D:4      | Killed from afar by an orc priest

Illustrated notes

Levels and vault maps discovered:
D:1:      ebering_trefoil_3fold, layout_basic, minmay_3d_cube
D:2:      layout_loops_corners, serial_rivers, chequers_serial_rivers_small_b,
          chequers_serial_rivers_micro_a, chequers_serial_rivers_large_b,
          chequers_serial_rivers_micro_b, chequers_serial_rivers_micro_b,
          chequers_serial_rivers_small_3, uniq_sigmund
D:3:      layout_rooms, hangedman_glass_teeth, lemuel_angel_altar
D:4:      layout_loops_ring

Skill      XL: |  1  2  3  4  5  6 |
---------------+-------------------+-----
Dodging        | 2 3 |  3.6
Fighting       | 4 |  4.5
Maces & Flails | 4 5 |  5.0
Armour         | 3 |  3.7

Action                   |  1- 3 |  4- 6 |  7- 9 || total
-------------------------+-------+-------+-------++-------
Melee: Mace              |   134 |   151 |     9 ||   294
Invok: Berserk           |     1 |     2 |       ||     3
 Stab: Sleeping          |       |     1 |       ||     1
Armor: Animal skin       |    64 |    72 |     8 ||   144
Dodge: Dodged            |   146 |   132 |    15 ||   293
